[Event "*** SCC Grand Prix: Titled Tuesday Blitz"]
[Site "Chess.com"]
[Date "2020.06.09"]
[Round "1"]
[White "FrogMist"]
[Black "Uih7I9kOKokUOhjUJ"]
[Result "1-0"]
[WhiteElo "2376"]
[BlackElo "2675"]
[TimeControl "180+1"]
[EndTime "9:08:10 PDT"]
[Termination "FrogMist won by resignation"]

1. e4 e5 2. Nf3 Nc6 3. Bb5 f5 4. Nc3 fxe4 5. Nxe4 Nf6 6. Qe2 d5 7. Nxf6+ gxf6 8. d4 e4 9. Nh4 Be6 10. O-O Qd7 11.
f3 O-O-O 12. fxe4 dxe4 13. c3 f5 14. Bxc6 bxc6 15. Qa6+ Kb8 16. Be3 Qd5 17. b3 Bc8 18. Qc4 Qxc4 19. bxc4 Ba6 20. Rfb1+ Ka8 21. c5 Rd5 22. g3 Be7 23. Ng2 h5 24. Nf4 Rd7 25. h4 Bf6 26. Kf2 Rg7 27. Ne6 Re7 28. Nf4 Rg7 29. Rb4 Rg4 30. Rab1 Be7 31. Ne6 Bb5 32.
a4 Rg6 33. Nf4 Rg4 34. axb5 cxb5 35. Rxb5 c6 36. Rb7 Bxh4 37. gxh4 Rhg8 38. Rf7 Rxh4 39. Rg1 Rh2+ 40. Rg2 Rgxg2+ 41. Nxg2 h4 42. Bf4 Rh3 43. Ne3 Rf3+ 44. Kg2 h3+ 45. Kh2 Rxf4 46. Rxf5 Rf3 47. Rxf3 exf3 48. Kxh3 a5 49. Nc4 f2 50. Kg2 Ka7 51. Kxf2 a4 52. Na3 Kb7 53. Ke3 Kc7 54.
Kd3 Kd7 55. Kc4 Ke6 56. Kb4 Kd5 57. Kxa4 Ke4 58. Kb4 Kd5 59. Nb1 Ke4 60. Nd2+ Kd3 61. Nc4 Ke4 62. Ne5 Kd5 63. Ka5 Ke6 64. Nxc6 Kd7 65. Ne5+ Kc7 66. Kb5 Kb7 67. c6+ Ka8 68. Kc5 Ka7 69. Kd6 Ka6 70. c7 Ka7 71. c8=Q Kb6 72.
Qc5+ Kb7 73. Qb5+ Ka8 74. Qa5+ 1-0

[Event "*** SCC Grand Prix: Titled Tuesday Blitz"]
[Site "Chess.com"]
[Date "2020.06.09"]
[Round "1"]
[White "BogdanBelyakov89"]
[Black "snap_man"]
[Result "1-0"]
[WhiteElo "2612"]
[BlackElo "2293"]
[TimeControl "180+1"]
[EndTime "9:08:10 PDT"]
[Termination "BogdanBelyakov89 won by checkmate"]

1. e4 c6 2. d3 d5 3. Nf3 dxe4 4. dxe4 Qxd1+ 5. Kxd1 Nd7 6. c3 g6 7. Bd3 Bg7 8. Be3 e5 9. Ke2 Ne7 10. h4 f5 11. h5 f4 12. Bd2 Nc5 13. Na3 Nxd3 14.
Kxd3 b6 15. Kc2 Ba6 16. Ng5 Bf6 17. Nf3 Rd8 18. c4 g5 19. Bc3 b5 20. Rad1 O-O 21. b3 bxc4 22. Nxc4 Bxc4 23. bxc4 c5 24. Bxe5 Rxd1 25.
Rxd1 Nc6 26. Bxf6 Rxf6 27. Kc3 g4 28. Nh2 g3 29. fxg3 fxg3 30. Nf3 Nb4 31. a3 Nc6 32. Rd5 h6 33. Rxc5 Rxf3+ 34. gxf3 Nd4 35. Rc8+ Kg7 36. Rc7+ Kg8 37. Rb7 g2 38. Rb1 g1=Q 39.
Rxg1+ Kf7 40. Kxd4 Kf6 41. Rg6+ Kf7 42. Rxh6 Kg7 43.
Ra6 Kf7 44. c5 Kg7 45. Kd5 Kh7 46. f4 Kg7 47. f5 Kh7 48. e5 Kg7 49. Rxa7+ Kh6 50.
f6 Kxh5 51. f7 Kg4 52. f8=Q Kg5 53. Rg7+ Kh5 54. Qh8# 1-0

[Event "*** SCC Grand Prix: Titled Tuesday Blitz"]
[Site "Chess.com"]
[Date "2020.06.09"]
[Round "1"]
[White "AliKa2810"]
[Black "Quattroporte300"]
[Result "1-0"]
[WhiteElo "2585"]
[BlackElo "2245"]
[TimeControl "180+1"]
[EndTime "9:08:10 PDT"]
[Termination "AliKa2810 won by checkmate"]

1. d4 Nf6 2. c4 e6 3. Nf3 d5 4. Nc3 c6 5. Bg5 Nbd7 6. e3 Qa5 7. Nd2 Bb4 8. Qc2 O-O 9. Be2 c5 10. O-O cxd4 11. exd4 dxc4 12. Bh4 Bxc3 13. bxc3 Nd5 14. Rfc1 N7b6 15. Nxc4 Nxc4 16. Bxc4 Bd7 17. Bd3 h6 18.
Qb2 b6 19. c4 Nf4 20. Bf1 Rac8 21. Bg3 Qf5 22. Qa3 a5 23. Qd6 e5 24. dxe5 Be6 25.
Qxb6 Nd3 26. Bxd3 Qxd3 27. c5 Bd5 28. c6 Qe4 29. f3 Qe2 30. c7 Bxa2 31. Qf2 Qxf2+ 32. Kxf2 Be6 33. Rxa5 Rfe8 34. f4 Re7 35. Rac5 g6 36. Bh4 Rd7 37. Ke3 h5 38. Bf6 Kh7 39.
R1c3 Bf5 40. h3 Be6 41. Kf3 Bf5 42. g4 Be6 43. gxh5 gxh5 44. Ke4 Rd1 45. f5 Re1+ 46. Re3 Bxf5+ 47. Kf4 Rxe3 48. Kxe3 Bxh3 49. Bd8 Kg6 50. Kf4 Bg4 51. Rc3 Kh7 52. Rb3 Kg6 53. Rb6+ Kh7 54. Kg5 Bf3 55. Rh6+ Kg7 56. Bf6+ Kg8 57. Rh8# 1-0

[Event "*** SCC Grand Prix: Titled Tuesday Blitz"]
[Site "Chess.com"]
[Date "2020.06.09"]
[Round "1"]
[White "pma83"]
[Black "Berardino"]
[Result "0-1"]
[WhiteElo "2124"]
[BlackElo "2526"]
[TimeControl "180+1"]
[EndTime "9:08:11 PDT"]
[Termination "Berardino won by resignation"]

1. d4 Nf6 2. c4 g6 3. Nc3 Bg7 4. e4 O-O 5. Nf3 d6 6. Be2 e5 7. O-O Nbd7 8. Be3 Re8 9. Qc2 c6 10. d5 c5 11. a3 Nh5 12. b4 Nf4 13. Rfe1 Bf8 14. Bf1 b6 15. h4 Be7 16. Bxf4 exf4 17. Qd2 Bxh4 18. Qxf4 Bf6 19. Rac1 Ne5 20. Nxe5 Bxe5 21.
Qf3 Qg5 22. Ne2 Bg4 23. Qd3 f5 24. exf5 Bxf5 25. Qb3 Rf8 26. g3 Bg4 27. f4 Qf5 28. Bg2 Bg7 29. Bf3 Rae8 30. Kg2 Bf6 31. Ng1 Bg7 32.
Bxg4 Qxg4 33. Rxe8 Rxe8 34. Rf1 Bd4 35. Qf3 Qf5 36. g4 Qc2+ 37. Kg3 Re3 38. Rf2 Rxf3+ 39. Nxf3 Qd3 40. Kh3 Bxf2 41. Kg2 Qe3 42. f5 Qxa3 43.
f6 Qxb4 44. Ng5 Kf8 45. f7 Kg7 46. Kxf2 Qb2+ 47. Kf3 Qc3+ 48. Kg2 Qd2+ 49. Kf1 Qxg5 50. f8=Q+ Kxf8 51. Ke2 Qxg4+ 52. Kd3 Qd4+ 53. Kc2 Qxc4+ 0-1

[Event "*** SCC Grand Prix: Titled Tuesday Blitz"]
[Site "Chess.com"]
[Date "2020.06.09"]
[Round "1"]
[White "andriipalchuk"]
[Black "Anna_ChessMate"]
[Result "1-0"]
[WhiteElo "2179"]
[BlackElo "2518"]
[TimeControl "180+1"]
[EndTime "9:08:12 PDT"]
[Termination "andriipalchuk won by checkmate"]

1. e4 c6 2. d4 d5 3. Nc3 dxe4 4. Nxe4 Nd7 5. Nf3 Ngf6 6. Ng3 e6 7. Bd3 c5 8. c3 cxd4 9. Nxd4 Bc5 10. Nb3 Be7 11.
O-O O-O 12. Qe2 b6 13. Rd1 Bb7 14. Bf4 Qc8 15. f3 Nc5 16. Bc2 Nd5 17. Be5 f6 18.
Bd4 Nf4 19. Qd2 e5 20. Be3 Nce6 21. Nf5 Re8 22. Qd7 Bf8 23. Qxc8 Raxc8 24. Nd6 Bxd6 25. Rxd6 Rc7 26. Rad1 Kf7 27. Nd2 Nd5 28. Nf1 Nxe3 29. Nxe3 g6 30. Bb3 Ree7 31. Kf2 h5 32. g3 Bc6 33. f4 exf4 34. gxf4 f5 35. Nc2 Bd7 36.
Re1 Rc8 37. Nd4 Rce8 38. Rxd7 Rxd7 39. Bxe6+ Rxe6 40. Nxe6 Rd2+ 41. Kg3 Rxb2 42. Ng5+ Kf6 43. Re6+ Kg7 44. Re7+ Kf8 45. Rxa7 Rc2 46. Ne6+ Ke8 47. Rc7 Rxa2 48. h3 Re2 49. Nd4 Re3+ 50. Kh4 Kd8 51. Rc6 Kd7 52. Rxb6 Rxc3 53. Rxg6 Rc4 54. Nxf5 Rxf4+ 55. Kg5 Rf3 56. h4 Ke8 57. Rg7 Kf8 58. Ra7 Rf1 59. Kf6 Ke8 60. Kg6 Kf8 61. Ra8# 1-0

[Event "*** SCC Grand Prix: Titled Tuesday Blitz"]
[Site "Chess.com"]
[Date "2020.06.09"]
[Round "1"]
[White "vladislavkovalev"]
[Black "MFguimaraes"]
[Result "1-0"]
[WhiteElo "2926"]
[BlackElo "2451"]
[TimeControl "180+1"]
[EndTime "9:08:15 PDT"]
[Termination "vladislavkovalev won by checkmate"]

1. e4 e5 2. Nf3 Nc6 3. Bb5 Nf6 4. O-O Bc5 5. Bxc6 dxc6 6. d3 Qe7 7. Be3 Bxe3 8. fxe3 O-O 9. Nbd2 Nd7 10. a4 b5 11.
Nb3 Nb6 12. Na5 Nxa4 13. Nxc6 Qc5 14. Ncxe5 Qxe3+ 15. Kh1 f6 16. Nc6 Qc5 17. Ncd4 Bg4 18. Ra2 Rad8 19. c3 Qb6 20. Qb3+ Kh8 21. Qxb5 Nc5 22. h3 Bxf3 23. Qxb6 axb6 24. Rxf3 Ra8 25. Rxa8 Rxa8 26. b4 Nd7 27. Ne6 Ne5 28. Rg3 g5 29.
Nxc7 Ra1+ 30. Kh2 h5 31. d4 h4 32. Re3 g4 33. dxe5 g3+ 34. Rxg3 hxg3+ 35. Kxg3 fxe5 36. Kg4 Rf1 37. Nd5 Kg7 38. c4 Kf7 39. g3 Ke6 40.
Nxb6 Re1 41. Kf3 Rf1+ 42. Ke2 Rb1 43. b5 Rb3 44. Kf2 Kd6 45. Nd5 Kc5 46. h4 Rb2+ 47. Kf3 Kxc4 48. b6 Kc5 49. h5 Kc6 50. Kg4 Rh2 51.
Kg5 Re2 52. h6 Rxe4 53. h7 Kxd5 54. h8=Q Rb4 55. Qd8+ Kc4 56. Qc7+ Kd3 57. b7 e4 58. Qd6+ Rd4 59. Qxd4+ Kxd4 60. b8=Q e3 61. Qd6+ Ke4 62. Qf4+ Kd3 63. Kg4 e2 64. Qe5 Kd2 65. Qd4+ Ke1 66. Kf3 Kf1 67. Qf2# 1-0

[Event "*** SCC Grand Prix: Titled Tuesday Blitz"]
[Site "Chess.com"]
[Date "2020.06.09"]
[Round "1"]
[White "ZverevLev"]
[Black "Ginger_GM"]
[Result "0-1"]
[WhiteElo "2243"]
[BlackElo "2585"]
[TimeControl "180+1"]
[EndTime "9:08:15 PDT"]
[Termination "Ginger_GM won on time"]

1. e4 e6 2. d4 d5 3. Nc3 Nf6 4.
Bg5 dxe4 5. Nxe4 Be7 6. Bxf6 gxf6 7. Nf3 a6 8. Bd3 b5 9. O-O f5 10. Ng3 Bb7 11. Re1 O-O 12. c4 bxc4 13. Bxc4 Nd7 14. Qb3 Bxf3 15. Qxf3 Nb6 16. Bb3 Bf6 17. Rad1 Nd5 18.
Nxf5 Kh8 19. Nh6 c6 20. Nxf7+ Rxf7 21. Rxe6 Qf8 22. Qg3 Qg7 23. Qxg7+ Bxg7 24. Rxc6 Rd8 25. Rc5 Rfd7 26. Re1 Nf4 27. Rf5 Nd3 28. Rd1 Nxb2 29. Rd2 Bxd4 30. Kf1 Bc3 31. Rxd7 Rxd7 32. Ke2 Nd3 33. Rf3 Nc1+ 34. Kf1 Bb2 35. Bc2 Rc7 36. Ba4 Nxa2 37. g3 Nc3 38. Bb3 a5 39. Rf8+ Kg7 40.
Rg8+ Kf6 41. Ra8 Rc5 42. f4 Kf5 43. Rh8 Ke4 44. Rxh7 a4 45. Bc2+ Kd4 46. Rd7+ Kc4 47. Bd3+ Kb3 48. Rb7+ Ka2 49. h4 a3 50. g4 Nd5 51. f5 Ne3+ 52. Ke2 Nxg4 53. h5 Re5+ 54. Kf3 Nh6 55. Bc4+ Ka1 56. Rg7 Bc3 0-1

[Event "*** SCC Grand Prix: Titled Tuesday Blitz"]
[Site "Chess.com"]
[Date "2020.06.09"]
[Round "1"]
[White "AndrewMaco"]
[Black "CalinGheorghiu"]
[Result "1-0"]
[WhiteElo "2665"]
[BlackElo "2342"]
[TimeControl "180+1"]
[EndTime "9:08:17 PDT"]
[Termination "AndrewMaco won by resignation"]

1. e4 e6 2. d4 d5 3. Nc3 Nf6 4. e5 Nfd7 5. f4 c5 6. Nf3 Be7 7. Be3 O-O 8. Qd2 Nc6 9. dxc5 Qa5 10. O-O-O b6 11. Bb5 Nb4 12. Kb1 bxc5 13. a3 Rb8 14. Bxd7 Bxd7 15. axb4 Qxb4 16. b3 c4 17. Nxd5 exd5 18.
Qxb4 Bxb4 19. Bxa7 Rb7 20. Bd4 Bf5 21. Kb2 Rfb8 22.
c3 Bxc3+ 23. Kxc3 Rxb3+ 24. Kd2 Rd3+ 25. Ke2 Ra3 26. Ra1 Bd3+ 27. Kd2 Rab3 28. Ra7 Be4 29. Ke2 c3 30. Rc1 c2 31. Rc7 Rb1 32. R1xc2 Bxc2 33. Rxc2 R1b7 34. Rc5 Rd7 35. f5 g6 36. g4 Rb3 37.
Kf2 Kf8 38. Kg3 Ke7 39. Kf4 h6 40. h4 Rdb7 41. Rxd5 R7b4 42. Ke4 gxf5+ 43. gxf5 Ra4 44. Rc5 Rxf3 45. Kxf3 Rxd4 46. Rc7+ Kf8 47. h5 Rh4 48. f6 Kg8 49. Rc8+ Kh7 50. Rf8 Rxh5 51. Rxf7+ Kg8 52. Rg7+ Kf8 53. Kf4 Rh1 54. Rh7 h5 55.
Kf5 h4 56. Ke6 Kg8 57. Rh5 h3 58. f7+ Kg7 59. Rg5+ Kh7 60. f8=Q 1-0

[Event "*** SCC Grand Prix: Titled Tuesday Blitz"]
[Site "Chess.com"]
[Date "2020.06.09"]
[Round "1"]
[White "chessfrendz"]
[Black "mbojan"]
[Result "1/2-1/2"]
[WhiteElo "2324"]
[BlackElo "2628"]
[TimeControl "180+1"]
[EndTime "9:08:17 PDT"]
[Termination "Game drawn - insufficient material"]

1. d4 Nf6 2. Nf3 g6 3. c4 c5 4. Nc3 cxd4 5. Nxd4 Bg7 6. e4 O-O 7. Be3 Nc6 8. Be2 d6 9. f3 Bd7 10. Qd2 Nxd4 11. Bxd4 a5 12. O-O Bc6 13. Kh1 Nd7 14.
Nd5 Bxd5 15. Bxg7 Kxg7 16. cxd5 Qb6 17. Rac1 Rfc8 18. Rxc8 Rxc8 19. Rc1 Rc5 20. Rxc5 Qxc5 21. Bd1 Ne5 22. h3 Qb4 23. Qxb4 axb4 24. Be2 f5 25. exf5 gxf5 26. f4 Nd7 27. Kg1 Nb6 28. g3 Kf6 29. Bf3 Nc4 30. b3 Na3 31. Kf2 Nb5 32. Ke3 Nc3 33. Kd4 Nxa2 34. Kc4 h6 35. g4 fxg4 36. hxg4 Nc1 37. Bd1 Na2 38. Bc2 Nc3 39. Bd3 b5+ 40.
Kxb4 Nxd5+ 41. Kxb5 Nxf4 42. Bf1 Kg5 43. Kc6 Kf6 44. b4 Ne6 45. b5 Nd4+ 46. Kb6 Kg5 47. Ka6 Nxb5 48. Kxb5 Kxg4 49. Kc6 h5 50. Kd7 h4 51.
Kxe7 d5 52. Ke6 d4 53. Ke5 d3 54. Bxd3 h3 55. Bf5+ Kg3 56. Bxh3 1/2-1/2

[Event "*** SCC Grand Prix: Titled Tuesday Blitz"]
[Site "Chess.com"]
[Date "2020.06.09"]
[Round "1"]
[White "PauloFanha"]
[Black "TERMINATOR_PC"]
[Result "0-1"]
[WhiteElo "1998"]
[BlackElo "2481"]
[TimeControl "180+1"]
[EndTime "9:08:18 PDT"]
[Termination "TERMINATOR_PC won on time"]

1. e4 Nf6 2. e5 Nd5 3. d4 d6 4. exd6 cxd6 5. c4 Nb6 6. Nc3 g6 7. Nf3 Bg7 8. Bd3 O-O 9. O-O Nc6 10. Be3 Bg4 11. h3 Bxf3 12. Qxf3 Nxd4 13. Qxb7 Qd7 14. Qxd7 Nxd7 15. Nd5 e6 16. Nc3 Rfb8 17. Rab1 Nc5 18.
Rfd1 Rb4 19. b3 Ndxb3 20. axb3 Bxc3 21. Bxc5 dxc5 22. Be4 Rab8 23. Rd7 a5 24. Bc6 Rxb3 25. Rxb3 Rxb3 26. Ra7 Rb4 27. Bb5 h5 28. Kh2 Be5+ 29. g3 Rb2 30. Kg2 Bd4 31. Rxa5 Rxf2+ 32. Kh1 Kg7 33. Ra7 g5 34. Be8 h4 35. gxh4 gxh4 36. Rc7 e5 37. Bc6 Rf4 38. Re7 Kg6 39. Bd5 f5 40.
Re8 Rf1+ 41. Kg2 Rf2+ 42. Kh1 Kg5 43. Rg8+ Kf4 44. Rg2 Rf1+ 45. Kh2 e4 46. Rd2 Ke5 47. Re2 Rf3 48. Kg2 Rg3+ 49. Kh2 Be3 50. Kh1 Rxh3+ 51.
Kg2 Rg3+ 52. Kh2 Bg1+ 53. Kh1 Bd4 54. Kh2 Rf3 55. Kh1 h3 56. Kh2 Be3 57. Re1 Bf4+ 58. Kh1 h2 59. Re2 Rd3 60. Re1 Rd2 0-1

[Event "*** SCC Grand Prix: Titled Tuesday Blitz"]
[Site "Chess.com"]
[Date "2020.06.09"]
[Round "1"]
[White "vpsetter"]
[Black "Nara_Kh"]
[Result "1-0"]
[WhiteElo "2644"]
[BlackElo "2318"]
[TimeControl "180+1"]
[EndTime "9:08:19 PDT"]
[Termination "vpsetter won by resignation"]

1. e4 d6 2. d4 Nf6 3. Nc3 g6 4. f4 Bg7 5. Nf3 c5 6. Be2 cxd4 7. Nxd4 Nc6 8. Be3 O-O 9. Nb3 a6 10. g4 b5 11. g5 Nd7 12. a3 Na5 13. h4 Bb7 14. h5 Nxb3 15. cxb3 Nc5 16. Bd4 Bxd4 17. Qxd4 Nxb3 18. Qe3 Kg7 19. Rd1 Qc8 20. hxg6 hxg6 21. Nd5 Qc2 22. Kf2 Bxd5 23. exd5 Qc5 24. Rd3 Qxe3+ 25.
Rxe3 Nc5 26. Rxe7 Rh8 27. Rxh8 Rxh8 28. b4 Na4 29. Ra7 Rh2+ 30. Ke1 Nc3 31. Bf1 Rh4 32.
Rxa6 Rxf4 33. Rxd6 Re4+ 34. Kd2 Nb1+ 35. Kd3 Rf4 36. Bg2 Nxa3 37. Ra6 Nc4 38. d6 Rf2 39. Bd5 Rd2+ 40. Ke4 Re2+ 41. Kd4 Rd2+ 42. Kc5 Ne5 43. Ra7 Rd1 44. d7 Nxd7+ 45. Rxd7 Rf1 46. Kxb5 Rf5 47.
Kc6 Kf8 48. b5 Ke8 49. Bxf7+ Rxf7 50. Rxf7 Kxf7 51. b6 1-0

[Event "*** SCC Grand Prix: Titled Tuesday Blitz"]
[Site "Chess.com"]
[Date "2020.06.09"]
[Round "1"]
[White "olksuna"]
[Black "anon569"]
[Result "1-0"]
[WhiteElo "2612"]
[BlackElo "2288"]
[TimeControl "180+1"]
[EndTime "9:08:19 PDT"]
[Termination "olksuna won on time"]

1. c4 e5 2. Nc3 Nf6 3. g3 d5 4. cxd5 Nxd5 5. Bg2 Nb6 6. Nf3 Nc6 7. O-O Be7 8. d3 O-O 9. Be3 Be6 10. Rc1 f5 11. b4 a6 12. Bc5 Bxc5 13. bxc5 Nd7 14.
d4 e4 15. d5 exf3 16. Bxf3 Nce5 17. dxe6 Nxf3+ 18. exf3 Nxc5 19. Qe2 Re8 20. Qc4 Nxe6 21. Rcd1 Qf6 22. Rfe1 Kh8 23. Nd5 Qf7 24. Qb4 Ng5 25.
Rxe8+ Rxe8 26. Kg2 c6 27. Nf4 h6 28. h4 Ne6 29. Nd3 Qc7 30. f4 Rd8 31. Qb3 Nd4 32. Qc4 b5 33. Qc5 Ne6 34. Qxf5 Qe7 35. Re1 Rxd3 36. Rxe6 Qd7 37. Kh3 Rd5 38. Qe4 Rd6 39.
f5 c5 40. Kh2 Rxe6 41. fxe6 Qe7 42. f4 Kg8 43. f5 c4 44. Qa8+ Kh7 45. Qc6 Qb4 46. Qe4 Qb2+ 47. Kh3 c3 48. f6+ g6 49.
e7 Qf2 50. e8=Q Qf1+ 51. Qg2 1-0

[Event "*** SCC Grand Prix: Titled Tuesday Blitz"]
[Site "Chess.com"]
[Date "2020.06.09"]
[Round "1"]
[White "witcher8"]
[Black "bascheyaro"]
[Result "1/2-1/2"]
[WhiteElo "2409"]
[BlackElo "2739"]
[TimeControl "180+1"]
[EndTime "9:08:20 PDT"]
[Termination "Game drawn by stalemate"]

1. e4 e6 2. d4 d5 3. Nc3 Bb4 4. e5 Ne7 5. a3 Bxc3+ 6. bxc3 b6 7. Qg4 Kf8 8. a4 Ba6 9. Bxa6 Nxa6 10. Qd1 c5 11.
Nf3 Rc8 12. O-O cxd4 13. cxd4 Kg8 14. Ba3 h6 15. Rc1 Nb8 16. Qd3 Rc4 17. Bd6 Nbc6 18. Rfd1 Nf5 19. Ba3 Nfxd4 20. Nxd4 Rxd4 21. Qb5 Rxd1+ 22. Rxd1 Nxe5 23. c4 Ng6 24. cxd5 exd5 25. Rxd5 Qf6 26. Bb2 Qe6 27. g3 Kh7 28. h4 a6 29. Qd3 f5 30.
Rxf5 Rd8 31. Qxd8 Qxf5 32. Qxb6 Qb1+ 33. Kh2 Qc2 34. Qd4 Qc7 35. Qe4 Qf7 36. Bd4 h5 37. a5 Qc4 38. Kg2 Qb5 39. Bb6 Qd7 40. Qe3 Ne7 41. Qg5 g6 42. Qf6 Nd5 43. Qe5 Qb7 44. Qe4 Qc6 45. Qf3 Qb7 46. Kh2 Qd7 47. Bd4 Qf5 48. Qxf5 gxf5 49. Kg2 Kg6 50.
Kf3 Kf7 51. Ke2 Ke6 52. Kd3 Kd6 53. Kc4 Kc6 54. Bc5 Nc7 55. Ba3 Ne6 56. Kd3 Kd5 57. Ke3 Ke5 58. Bb2+ Kd5 59. f3 Kc4 60. Bf6 Kb4 61.
g4 fxg4 62. fxg4 hxg4 63. h5 Kxa5 64. h6 Nf8 65. Kf4 Nh7 66. Be7 Kb5 67. Kxg4 Kc6 68.
Kf5 Kd7 69. Kg6 Kxe7 70. Kxh7 Kf7 71. Kh8 a5 72. h7 a4 1/2-1/2

[Event "*** SCC Grand Prix: Titled Tuesday Blitz"]
[Site "Chess.com"]
[Date "2020.06.09"]
[Round "1"]
[White "rpragchess"]
[Black "jonaszmb"]
[Result "1-0"]
[WhiteElo "2834"]
[BlackElo "2434"]
[TimeControl "180+1"]
[EndTime "9:08:27 PDT"]
[Termination "rpragchess won by resignation"]

1. Nf3 c5 2. b3 Nc6 3. Bb2 d6 4. g3 e5 5. Bg2 Nf6 6. O-O Be6 7. c4 Qd7 8. Nc3 Bh3 9. e3 h5 10. d4 Bxg2 11. Kxg2 h4 12. dxe5 hxg3 13. fxg3 Qh3+ 14. Kg1 Nxe5 15. Qe2 O-O-O 16. Nxe5 dxe5 17. Rad1 Rxd1 18. Rxd1 Ng4 19. Rd2 Be7 20. Nd5 Bg5 21. Ba3 Rd8 22. Rd3 e4 23. Rc3 b6 24. Qg2 Qh7 25. h3 Ne5 26. h4 Nf3+ 27. Kf2 Bf6 28. Qh3+ Kb7 29. Rc1 Be5 30. b4 g5 31. bxc5 gxh4 32. gxh4 Rg8 33. cxb6 Bg3+ 34. Ke2 f5 35. bxa7 Nd4+ 36. exd4 Qh5+ 37. Kd2 e3+ 38. Kc3 Qe2 39. Qh1 Qd2+ 40. Kb3 e2 41. Nb6+ Ka6 42. a8=Q+ Rxa8 43. Qxa8+ Kxb6 44. Bc5+ Kc7 45. Qa7+ Kc6 46. Qa6+ Kd7 47. Qb7+ Ke8 48.
Qc8+ Kf7 49. Qxf5+ Ke8 50. Qe6+ Kd8 51. Bb6+ Bc7 52.
Qg8+ Kd7 53. Qf7+ Kd6 54. Qxc7+ Ke6 55. Qc6+ Kf7 56. Qd5+ Kg6 57. Rg1+ Kf6 58. Qg5+ Ke6 59. Qxd2 1-0

[Event "*** SCC Grand Prix: Titled Tuesday Blitz"]
[Site "Chess.com"]
[Date "2020.06.09"]
[Round "1"]
[White "tigra"]
[Black "Angel_Hranitel_37"]
[Result "1-0"]
[WhiteElo "2716"]
[BlackElo "2374"]
[TimeControl "180+1"]
[EndTime "9:08:29 PDT"]
[Termination "tigra won by resignation"]

1. Nf3 Nf6 2. c4 g6 3. Nc3 Bg7 4. e4 d6 5. d4 O-O 6. Be2 e5 7.
d5 c5 8. O-O Na6 9. Ne1 Nc7 10.
Nd3 a6 11. b4 cxb4 12. Nxb4 Bd7 13. Be3 b5 14. Bb6 bxc4 15. a4 a5 16. Nc2 Qc8 17.
Bxc4 Na6 18. Na3 Nc5 19. Qc2 Rb8 20. Rab1 Rb7 21. Bxa5 Rxb1 22. Qxb1 Nxa4 23. Nxa4 Bxa4 24. Qb4 Qc5 25. Qxa4 Ra8 26. Bb5 Nxe4 27. Bb6 Rxa4 28. Bxc5 Nxc5 29. Bxa4 Nxa4 30. Nc4 Bf8 31. Rb1 Nc3 32.
Rb8 Nxd5 33. Nxd6 f5 34. Nc4 e4 35. Rd8 Nf6 36. Ne5 Kg7 37. g3 Be7 38. Rb8 Bd6 39.
Rb7+ Kg8 40. Nc6 Ng4 41. h3 Ne5 42. Nd4 Bc5 43. Ne6 Nf3+ 44. Kg2 Bd6 45. Rg7+ Kh8 46. Rd7 Bf8 47. Rd8 h5 48. Rxf8+ Kh7 49. Rf7+ Kh6 50. Rf8 g5 51. Rf6+ Kh7 52. Rxf5 g4 53. hxg4 hxg4 54. Rf4 e3 55. fxe3 Kh6 56. Rxg4 Ng5 57.
Rxg5 Kh7 58. Nf4 Kh6 59. Rg6+ Kh7 60. e4 Kh8 61. e5 Kh7 62. e6 Kh8 63. e7 Kh7 1-0

[Event "*** SCC Grand Prix: Titled Tuesday Blitz"]
[Site "Chess.com"]
[Date "2020.06.09"]
[Round "1"]
[White "lucachess49"]
[Black "gross-aleks"]
[Result "0-1"]
[WhiteElo "2238"]
[BlackElo "2587"]
[TimeControl "180+1"]
[EndTime "9:08:33 PDT"]
[Termination "gross-aleks won on time"]

1. d4 Nf6 2. c4 e6 3. Nc3 Bb4 4. e3 b6 5. Ne2 Ba6 6. a3 Be7 7.
Nf4 d6 8. Be2 O-O 9. O-O c6 10.
b4 e5 11. dxe5 dxe5 12. Nd3 Nbd7 13. b5 Bb7 14. Bb2 Re8 15. bxc6 Bxc6 16. Nb4 Bb7 17. Nbd5 Bc5 18. Bf3 e4 19. Be2 Ne5 20. Qc2 Nxd5 21.
Nxd5 Bxd5 22. Rfd1 Nf3+ 23. Bxf3 exf3 24. Rxd5 Qh4 25.
Qf5 fxg2 26. Qg5 Qxg5 27. Rxg5 g6 28. Kxg2 Re4 29. Rh1 Rxc4 30. h4 Rc2 31. Bd4 Bxd4 32. exd4 Rd8 33. Rd1 Rc3 34. Rg3 Rc4 35. Rgd3 Rd5 36.
f4 Kg7 37. Kf3 f5 38. Ke3 Kh6 39. h5 gxh5 40. Rg1 Rc6 41. Rg5 Rg6 42. Rc3 Rxg5 43.
fxg5+ Kxg5 44. Rc7 h6 45. Rxa7 Ra5 46. Rg7+ Kf6 47.
Rb7 Rxa3+ 48. Kf4 Rb3 49. Rc7 Ke6 50. Rc6+ Kd5 51. Rxh6 Kxd4 52. Rxh5 Rb5 53. Rh1 Rd5 54. Rd1+ Kc5 55. Rc1+ Kd6 56. Rb1 b5 57. Ke3 Kc5 58. Kf4 b4 59. Rc1+ Kb5 60. Rb1 Kc4 61. Rc1+ Kb3 62.
Rb1+ Kc3 0-1

[Event "*** SCC Grand Prix: Titled Tuesday Blitz"]
[Site "Chess.com"]
[Date "2020.06.09"]
[Round "1"]
[White "Salem-AR"]
[Black "chesstrainer2042"]
[Result "1-0"]
[WhiteElo "2977"]
[BlackElo "2463"]
[TimeControl "180+1"]
[EndTime "9:08:35 PDT"]
[Termination "Salem-AR won on time"]

1. d4 Nf6 2. c4 e6 3. Nf3 d5 4. Nc3 dxc4 5. e3 a6 6. a4 c5 7. Bxc4 cxd4 8. exd4 Nc6 9. O-O Be7 10. Qe2 O-O 11. Rd1 Nb4 12. Ne5 Nfd5 13. Qg4 Kh8 14. Qh5 g6 15. Qf3 f6 16. Ng4 Bd7 17. Bh6 Rg8 18. Re1 g5 19. Re2 Rg6 20. Rae1 Nf4 21. Bxe6 Nxe2+ 22. Rxe2 Bxe6 23. Rxe6 Nc6 24. Qe4 Bf8 25.
Bxf8 Qxf8 26. Ne3 f5 27. Qd5 Rxe6 28. Qxe6 Re8 29. Qd5 f4 30. Nf1 Qf6 31. h3 Nxd4 32.
Qxb7 f3 33. Ne3 fxg2 34. Qd5 Nf3+ 35. Kxg2 Nh4+ 36. Kg1 Rf8 37. Ne4 Qg7 38. b4 h6 39.
b5 Nf3+ 40. Kg2 axb5 41. axb5 Nh4+ 42. Kg1 Qa1+ 43. Kh2 Qg7 44. Kg1 Qe7 45. Qc6 Qg7 46.
b6 Rb8 47. Ng4 h5 48. Ngf6 Qg6 49. Qd6 Rc8 50. b7 Nf3+ 51. Kg2 Nh4+ 52. Kf1 Rc1+ 53.
Ke2 1-0

[Event "*** SCC Grand Prix: Titled Tuesday Blitz"]
[Site "Chess.com"]
[Date "2020.06.09"]
[Round "1"]
[White "stanyga"]
[Black "AndrewDGreen"]
[Result "1-0"]
[WhiteElo "2659"]
[BlackElo "2336"]
[TimeControl "180+1"]
[EndTime "9:08:35 PDT"]
[Termination "stanyga won on time"]

1. d4 Nf6 2. c4 g6 3. g3 Bg7 4. Bg2 O-O 5. Nc3 d6 6. e4 e5 7.
dxe5 dxe5 8. Qxd8 Rxd8 9. Bg5 c6 10. Nf3 Re8 11. h3 Nbd7 12. O-O-O a5 13. Rd6 h6 14. Be3 Bf8 15. Rd2 Nc5 16. Ne1 Be6 17. b3 a4 18. Kb2 a3+ 19. Kc1 Red8 20. Nc2 Rxd2 21. Kxd2 Rd8+ 22. Ke2 Kh7 23. Rd1 Rxd1 24. Kxd1 Nd3 25.
Ke2 Nb4 26. Nxa3 Nxa2 27. Nxa2 Bxa3 28. Nc3 Bb4 29. Kd3 Nd7 30. Kc2 f5 31. exf5 gxf5 32. f4 e4 33. g4 Nc5 34. gxf5 Bxf5 35. Bxc5 Bxc5 36. Bxe4 Kg6 37. Kd3 Bb4 38. Ne2 Bd6 39. Nd4 Bxe4+ 40. Kxe4 Kf6 41. Nf5 Bf8 42. Ne3 b5 43.
cxb5 cxb5 44. Ng4+ Ke6 45. f5+ Kd6 46. h4 Kc5 47. f6 Kd6 48. Kf5 b4 49. Kg6 Kd5 50.
Nxh6 Kd4 51. Nf5+ Kc3 52. h5 Kxb3 53. h6 Kc2 54. h7 b3 55. h8=Q b2 56. Qh2+ Kc1 57.
Qf4+ Kc2 58. Nd4+ Kd1 59. Qe4 1-0

[Event "*** SCC Grand Prix: Titled Tuesday Blitz"]
[Site "Chess.com"]
[Date "2020.06.09"]
[Round "1"]
[White "SaqoChess_Twitch"]
[Black "GMKrikor"]
[Result "1-0"]
[WhiteElo "2416"]
[BlackElo "2733"]
[TimeControl "180+1"]
[EndTime "9:08:37 PDT"]
[Termination "SaqoChess_Twitch won by resignation"]

1. d4 Nf6 2. c4 g6 3. Nc3 d5 4. Bf4 Bg7 5. e3 O-O 6. Rc1 c6 7. h3 Be6 8. Nf3 dxc4 9. a4 Qa5 10. Ng5 Bd5 11. Qd2 h6 12. Nf3 g5 13. Bh2 Na6 14. Ne5 Rad8 15. Nxc4 Qb4 16. Nxd5 Nxd5 17. Qxb4 Naxb4 18. Be2 f5 19. Be5 Bxe5 20. Nxe5 Kg7 21. O-O f4 22. e4 Nf6 23. Rfd1 Nxe4 24. Bf3 Nf6 25. Rc4 Nbd5 26. b4 Rd6 27. b5 cxb5 28.
axb5 Rfd8 29. Ra1 a6 30. bxa6 Rxa6 31. Rb1 b6 32. Rc6 Ra4 33. Nc4 Rd7 34. Nxb6 Nxb6 35. Rbxb6 Raxd4 36. Kh2 R4d6 37. Rxd6 Rxd6 38. Rb5 e6 39. Kg1 Nd5 40. Kf1 Kf6 41. Rb7 Ne7 42.
Rb8 Ng6 43. Rg8 Ne7 44. Rh8 Kg7 45. Re8 Rd7 46. Be4 Kf7 47. Rh8 Ng8 48. Rh7+ Ke8 49. Rh8 Rg7 50. Ke2 Kf7 51. Bf3 Kf8 52. Bg4 Re7 53.
Kd3 Rd7+ 54. Ke4 Kg7 55. Rxg8+ Kxg8 56. Bxe6+ Rf7 57. Ke5 Kg7 58. Bxf7 Kxf7 59. Kf5 Kg7 60. Ke6 Kg6 61. f3 Kg7 62. Ke7 Kg6 63. Kf8 h5 64.
Ke7 g4 65. h4 Kf5 66. Kd6 Kf6 67. Kd5 Kf5 68. Kd4 gxf3 69. gxf3 Kf6 70. Ke4 Ke6 71. Kxf4 Kf6 72. Ke4 Ke6 73. f4 Kf6 74. f5 Kf7 75. Kf4 Kf6 76. Ke4 Kf7 77. Ke5 Ke7 78. f6+ Kf7 79.
Kf5 1-0